Match 25528532
Unlisted

Match 25528532
End
Construct Infanterie Kompanie
Grenadier Squad
Grenadier Squad
Grenadier Squad
Construct Panzergrenadier Kompanie
MG 42 Machine Gun Team
Medical Station
Pak 40 Anti-tank Gun Team
Pioneer Squad
Construct Panzer Kompanie
Pioneer Squad
Stoßtruppen Squad
Stoßtruppen Squad
Pak 40 Anti-tank Gun Team
Panzer IV Medium Tank
251 Medium Carrier
Selects Breakthrough Battlegroup
Selects Assault Grenadiers
Selects Smoke Bombing Run
Selects Incendiary Bombing Run
Selects Rapid Production
Selects Blitzkrieg
Pak 40 Anti-tank Gun Team
Incendiary Bombing Run
Construct Luftwaffe Kompanie
Support Elements
Marder III M Tank Destroyer
Marder III M Tank Destroyer
Marder III M Tank Destroyer
[KOR]GermanRibbon
UH|dun! ツ
Cenovis
Cooper
Squirtle
kampfer
0
0

Comments sign in to comment!

No comments posted yet!